 Dungeon Crawl Stone Soup version 0.18.1-50-g88ac8fd (webtiles) character file.

104 Firecrotchwizard the Scratcher (level 4, -9/22 HPs)
             Began as a Felid Monk on Nov 2, 2016.
             Was a Believer of Nemelex Xobeh.
             Mangled by Grinder (10 damage)
             ... on level 3 of the Dungeon.
             The game lasted 00:09:01 (2685 turns).

Firecrotchwizard the Scratcher (Felid Monk)         Turns: 2685, Time: 00:09:01

Health: -9/22      AC:  1    Str:  7    XL:     4   Next: 52%
Magic:  6/6        EV: 21    Int: 11    God:    Nemelex Xobeh [**....]
Gold:   162        SH:  0    Dex: 20    Spells: 0 memorised, 3 levels left
                                        Lives:  0   Deaths: 1

rFire  . . .     SeeInvis +       - Unarmed
rCold  . . .     Gourm    .     (armour unavailable)
rNeg   . . .     Faith    .     (shield unavailable)
rPois  .         Spirit   .     (helmet unavailable)
rElec  .         Dismiss  +     (cloak unavailable)
rCorr  +         Reflect  .     (gloves unavailable)
SustAt .         Harm     .     (boots unavailable)
MR     .....                    i - amulet of dismissal
Stlth  ++++......               t - ring of resist corrosion
                                f - ring of stealth

@: quick, not resistant to hostile enchantments, stealthy
A: no armour, no weapons or thrown items, claws 1, fangs 3, see invisible,
carnivore 3, speed 1, shaggy fur 1, slow metabolism 1, sharp paws
a: Renounce Religion


You were on level 3 of the Dungeon.
You worshipped Nemelex Xobeh.
Nemelex Xobeh was pleased with you.
You were not hungry.

You visited 1 branch of the dungeon, and saw 3 of its levels.

You collected 162 gold pieces.

Inventory:

Jewellery
 f - a ring of stealth (left paw)
 i - an amulet of dismissal (around neck)
 t - a ring of resist corrosion (right paw)
Scrolls
 b - a scroll of teleportation {unknown}
 c - 4 scrolls of identify
 d - a scroll of immolation {unknown}
 e - 2 scrolls of magic mapping {unknown}
 j - 4 scrolls of remove curse
 k - 2 scrolls of enchant weapon {unknown}
 l - 2 scrolls of random uselessness {unknown}
 r - 2 scrolls of enchant armour {unknown}
 v - a scroll of blinking {unknown}
Potions
 g - a potion of lignification {unknown}
 h - 2 potions of heal wounds {unknown}
 m - 2 potions of brilliance {unknown}
 n - a potion of agility {unknown}
 s - 2 potions of cure mutation {unknown}
 u - 2 potions of degeneration {unknown}
Miscellaneous
 o - a plain deck of wonders
 p - a plain deck of escape {drawn: 1}
 q - a plain deck of war {drawn: 3}
Comestibles
 a - 3 meat rations


   Skills:
 * Level 4.2 Fighting
 + Level 4.8 Dodging
 + Level 3.7 Stealth
 * Level 5.0 Unarmed Combat
 * Level 1.6 Evocations


You had 3 spell levels left.
You didn't know any spells.

Dungeon Overview and Level Annotations

Branches:
Dungeon (3/15)

Altars:
Nemelex Xobeh

Annotations:
D:3 Grinder


Innate Abilities, Weirdness & Mutations

You cannot wear armour.
You are incapable of wielding weapons or throwing items.
You have sharp claws.
You have razor-sharp teeth.
You have supernaturally acute eyesight.
You are carnivorous and can eat meat at any time.
You cover ground quickly.
You are covered in fur (AC +1).
You have a slow metabolism.
Your sharp claws are effective at attacking unaware monsters.


Message History

The quokka misses you. Grinder closely misses you.
You completely miss Grinder.
Grinder is heavily wounded.
The quokka closely misses you. Grinder misses you.
You scratch Grinder but do no damage.
Grinder is heavily wounded.
The quokka completely misses you. Grinder hits you.
You writhe in agony.
* * * LOW HITPOINT WARNING * * *
The quokka completely misses you.
You scratch Grinder but do no damage.
Grinder is heavily wounded.
Grinder misses you. The quokka bites you.
* * * LOW HITPOINT WARNING * * *
Your amulet of dismissal vibrates suddenly!
The quokka disappears!
You scratch Grinder.
Grinder is heavily wounded.
Grinder hits you!
You die...
Your body disappears without a glow.

###########
#.........#
#.........#
#.........# #####
#.........# ##...#
#.........##..
##.....
#.....5§.....#
#......
#####.....@...##%#
#......
.........#†##....#
#......
###..##)##.#..####
##.....
##.#.)##...#
##.....
####...#....##
#......
#........#.####
#.<....
#........#....###
#......
#........####...#
##.....
#...........###.#
##...#


You could see Grinder.

Vanquished Creatures
  An orc priest (D:3)
  Jessica (D:3)
  5 adders
  An ooze (D:2)
  3 worms (D:2)
  2 dart slugs
  2 giant geckos
  8 orcs (D:3)
  5 bats
  5 giant cockroaches
  10 goblins
  9 hobgoblins
  6 kobolds
  2 quokkas (D:3)
  5 giant newts
  8 rats
73 creatures vanquished.

Vanquished Creatures (collateral kills)
  An orc (D:3)
  A goblin (D:3)
2 creatures vanquished.

Grand Total: 75 creatures vanquished

Notes
Turn   | Place    | Note
--------------------------------------------------------------
     0 | D:1      | Firecrotchwizard the Felid Monk began the quest for the Orb.
     0 | D:1      | Reached XP level 1. HP: 10/10 MP: 2/2
   140 | D:1      | Reached XP level 2. HP: 14/14 MP: 3/3
   724 | D:2      | Reached XP level 3. HP: 17/17 MP: 4/4
  1062 | D:2      | Found a sparkling altar of Nemelex Xobeh.
  1071 | D:2      | Became a worshipper of Nemelex Xobeh the Trickster
  1071 | D:2      | Received a gift from Nemelex Xobeh
  1071 | D:2      | Reached * piety under Nemelex Xobeh
  1071 | D:2      | Received a gift from Nemelex Xobeh
  1071 | D:2      | Reached ** piety under Nemelex Xobeh
  1166 | D:2      | Reached XP level 4. HP: 21/21 MP: 5/5
  1566 | D:3      | Reached skill level 1 in Evocations
  1951 | D:3      | Reached XP level 5. HP: 25/25 MP: 6/6
  1968 | D:3      | Reached skill level 5 in Unarmed Combat
  2055 | D:3      | Noticed Grinder
  2551 | D:3      | Noticed Jessica
  2572 | D:3      | Killed Jessica
  2580 | D:3      | Paralysed by Grinder for 7 turns
  2605 | D:3      | Mangled by Grinder
  2606 | D:3      | Reached XP level 4. HP: -8/22 MP: 6/6
  2684 | D:3      | HP: 1/22 [quokka (3)]
  2685 | D:3      | Mangled by Grinder

Skill      XL: |  1  2  3  4  5 |
---------------+----------------+-----
Stealth        | 3 |  3.7
Fighting       | 4 |  4.2
Evocations     | 1 |  1.6
Unarmed Combat | 5 |  5.0
Dodging        | |  4.8

Action                   |  1- 3 |  4- 6 || total
-------------------------+-------+-------++-------
Melee: Unarmed           |    79 |   110 ||   189
       Bite              |     3 |    10 ||    13
       Punch             |     1 |     1 ||     2
Evoke: Deck              |       |     4 ||     4
  Use: Scroll            |       |     1 ||     1
 Stab: Sleeping          |    12 |     6 ||    18
       Distracted        |       |     1 ||     1
  Eat: Royal jelly       |       |     1 ||     1
Armor: Skin              |     3 |     2 ||     5
Dodge: Dodged            |    44 |    84 ||   128
